 Dungeon Crawl Stone Soup version 0.29-a0-364-g921d912d32 (webtiles) character file.

Game seed: 792479809793889351

473 NateTC the Cutter (level 6, -2/56 HPs)
             Began as a Draconian Gladiator on Apr 30, 2022.
             Slain by a bullfrog simulacrum (5 damage)
             ... on level 5 of the Dungeon.
             The game lasted 00:06:36 (4301 turns).

NateTC the Cutter (Draconian Gladiator)             Turns: 4301, Time: 00:06:37

Health: -2/56      AC:  8    Str: 17    XL:     6   Next: 84%
Magic:  0/6        EV: 13    Int:  8    God:
Gold:   159        SH:  0    Dex: 21    Spells: 5/5 levels left

rFire   . . .      SeeInvis .   a - +0 rapier
rCold   x . .      Faith    .   (no shield)
rNeg    . . .      Spirit   +   (body armour unavailable)
rPois   .          Reflect  .   b - +1 hat
rElec   .          Harm     .   (no cloak)
rCorr   .          Rampage  .   (no gloves)
Will    .....                   s - +0 pair of boots
Stlth   ++........              h - amulet "Put-Me-On" {Spirit rC- Dex+7}
HPRegen 0.18/turn               (no ring)
MPRegen 0.10/turn               (no ring)

@: invisible
A: AC +6, unfitting armour, cold-blooded
a: no special abilities


You were on level 5 of the Dungeon.
You visited 2 branches of the dungeon, and saw 8 of its levels.

You collected 159 gold pieces.

Inventory:

Hand Weapons
 a - a +0 rapier (weapon)
Missiles
 c - 3 throwing nets (quivered)
 d - a javelin
Armour
 b - a +1 hat (worn)
 s - a +0 pair of boots (worn)
Jewellery
 h - the amulet "Put-Me-On" (around neck) {Spirit rC- Dex+7}
   (You acquired it on level 2 of the Dungeon)

   [amulet of guardian spirit]

   It causes incoming damage to be divided between your reserves of health and
   magic.
   Dex:       It affects your dexterity (+7).
   rC:        It makes you vulnerable to cold.
 m - the ring "Sitiryf" {rPois rF- rC+++ Dex-3 SInv}
   (You took it off a kobold on level 2 of the Dungeon)

   [ring of see invisible]

   Dex:       It affects your dexterity (-3).
   rF:        It makes you vulnerable to fire.
   rC:        It renders you almost immune to cold.
   rPois:     It protects you from poison.
   SInv:      It lets you see invisible.
Wands
 r - a wand of flame (7)
Scrolls
 e - a scroll of teleportation
 g - 2 scrolls of identify
 j - 2 scrolls of enchant weapon {unknown}
Potions
 f - 4 potions of degeneration
 i - a potion of attraction {unknown}
 k - a potion of invisibility
 l - a potion of ambrosia {unknown}
 o - a potion of flight {unknown}
 p - 2 potions of cancellation
 q - a potion of heal wounds {unknown}
 u - a potion of might {unknown}


   Skills:
 - Level 5.0 Fighting
 * Level 6.6 Short Blades
 - Level 1.7 Throwing
 - Level 2.6 Dodging


You had 5 spell levels left.
You didn't know any spells.
Your spell library contained the following spells:

 Spells                   Type           Power      Damage    Failure   Level
 Sting                    Tmut/Pois      0%         1d3       41%         1
 Summon Small Mammal      Summ           0%         N/A       41%         1
 Poisonous Vapours        Pois/Air       0%         N/A       54%         2
 Call Canine Familiar     Summ           0%         N/A       78%         3
 Summon Guardian Golem    Hex/Summ       0%         N/A       78%         3
 Olgreb's Toxic Radiance  Pois           0%         N/A       99%         4


Dungeon Overview and Level Annotations

Branches:
Dungeon (7/15)             Temple (1/1) D:6

Altars:
Dithmenos
Fedhas
Gozag
Hepliaklqana
Nemelex Xobeh
Qazlal
Ru
Trog
Uskayaw
Vehumet
Wu Jian
Yredelemnul
Zin

Shops:
D:2 :

Annotations:
D:5 CowFu's ghost, amateur MiFi


Innate Abilities, Weirdness & Mutations

Your plain brown scales are hard. (AC +6)
You cannot fit into any form of body armour.
You are cold-blooded and may be slowed by cold attacks.


Message History

CowFu's ghost (amateur Minotaur Fighter) comes into view.
The killer bee simulacrum hits you. The killer bee simulacrum freezes you!
You feel a terrible chill!
You feel yourself slow down.
You puncture the killer bee simulacrum!
The killer bee simulacrum vaporises!
The bullfrog simulacrum closely misses you. x2
The bullfrog simulacrum hits you. The bullfrog simulacrum freezes you!
You feel a terrible chill!
You puncture the bullfrog simulacrum!
The bullfrog simulacrum vaporises!
You feel yourself speed up.
The bullfrog simulacrum completely misses you.
The bullfrog simulacrum hits you. The bullfrog simulacrum freezes you!
You feel a terrible chill!
An adder simulacrum comes into view.
The bullfrog simulacrum attacks as you move away!
The bullfrog simulacrum closely misses you.
The bullfrog simulacrum attacks as you move away!
The bullfrog simulacrum misses you. The bullfrog simulacrum hits you.
The bullfrog simulacrum freezes you.
You feel a terrible chill!
You feel yourself slow down.
* * * LOW HITPOINT WARNING * * *
The bullfrog simulacrum hits you.
* * * LOW HITPOINT WARNING * * *
The bullfrog simulacrum freezes you!
You feel a terrible chill!
You feel as though you will be slow longer.
* * * LOW HITPOINT WARNING * * *
The bullfrog simulacrum hits you but does no damage.
The bullfrog simulacrum barely misses you.
You feel yourself speed up. The bullfrog simulacrum misses you.
There is an open translucent gate here.
Found a scroll of teleportation.
CowFu's ghost attacks as you move away! CowFu's ghost hits you.
* * * LOW HITPOINT WARNING * * *
Okay, then.
It was a potion of invisibility.
You fade into invisibility!
The bullfrog simulacrum hits you.
You die...

#.......#..#
#...#####....##
...###.!.###...## ..
.......###..# .
...###)...##.# #..#
#....#)## #..
##...#..# ##
#...'..## #...'Z@.#
##..Z'W.#.# ##
#....#.###.# #..
##....#.......
#...###....##...###.#
#........##..#.# ##
#......### ..#.#
##/##### ...... ###..
.?#. ..


You could see CowFu's ghost, an adder simulacrum (can't see you) and a bullfrog
simulacrum (can't see you).

Vanquished Creatures
  An ogre (D:6)
  A necrophage (D:5)
  A scorpion (D:7)
  A hound (D:7)
  A jelly (D:5)
  Jessica (D:2)
  A bullfrog simulacrum (D:5)
  A killer bee simulacrum (D:5)
  4 gnolls (D:3)
  5 adders
  A shadow imp (D:7)
  A white imp (D:5)
  A worm (D:3)
  A dart slug (D:2)
  An adder simulacrum (D:5)
  An orc (D:7)
  5 ball pythons
  8 bats
  5 endoplasms
  A giant cockroach (D:2)
  7 goblins
  6 hobgoblins
  3 frilled lizards
  6 kobolds
  4 rats
68 creatures vanquished.

Vanquished Creatures (others)
  2 plants (D:4)
2 creatures vanquished.

Grand Total: 70 creatures vanquished

Notes
Turn   | Place    | Note
-------+----------+-------------------------------------------
     0 | D:1      | NateTC the Draconian Gladiator began the quest for the Orb.
     0 | D:1      | Reached XP level 1. HP: 17/17 MP: 1/1
   287 | D:1      | Reached XP level 2. HP: 25/26 MP: 2/2
   683 | D:2      | Reached XP level 3. HP: 33/33 MP: 3/3
   760 | D:2      | Found a faded altar of an unknown god.
   819 | D:2      | Identified the ring "Sitiryf" {rPois rF- rC+++ Dex-3 SInv}
  1237 | D:2      | Found Keock's Book Emporium.
  1455 | D:2      | Noticed Jessica
  1462 | D:2      | Killed Jessica
  1463 | D:2      | Reached skill level 5 in Fighting
  1463 | D:2      | Reached XP level 4. HP: 36/42 MP: 4/4
  1523 | D:2      | Identified a scroll of acquirement
  1523 | D:2      | Acquired the amulet "Put-Me-On" {Spirit rC- Dex+7}
  2053 | D:3      | Reached skill level 4 in Short Blades
  2053 | D:3      | Reached XP level 5. HP: 43/48 MP: 5/5
  2551 | D:4      | You fall into a shaft and drop 3 floors!
  2590 | D:7      | Reached skill level 5 in Short Blades
  2750 | D:7      | Noticed an orc warrior
  3149 | D:6      | Found a staircase to the Ecumenical Temple.
  3159 | Temple   | Entered the Ecumenical Temple
  3304 | D:6      | Noticed an ogre
  3313 | D:6      | Killed an ogre
  3314 | D:6      | Reached XP level 6. HP: 56/56 MP: 6/6
  3319 | D:5      | Entered Level 5 of the Dungeon
  3340 | D:5      | Reached skill level 6 in Short Blades
  3365 | D:5      | Noticed an acid dragon
  4270 | D:5      | Found a runed translucent gate.
  4270 | D:5      | Found a runed translucent gate.
  4270 | D:5      | Found a runed translucent gate.
  4289 | D:5      | Noticed CowFu's ghost (amateur MiFi)
  4301 | D:5      | Slain by a bullfrog simulacrum

Illustrated notes

Levels and vault maps discovered:
D:1:      minmay_arrival_loop, layout_loops_ring, serial_glass, glass_columns_b,
          glass_columns_a
D:2:      minmay_door_path, layout_loops_ring, serial_shops, shop,
          nicolae_ecumenical_oubliette, uniq_jessica
D:3:      layout_basic
D:4:      layout_basic, mainiacjoe_overflow_cross_hatched
D:5:      layout_loops_ring, kennysheep_little_box, gammafunk_ghost_icy,
          cheibrodos_sewer_entry_bend
D:6:      layout_basic, mainiacjoe_overflow_catwalk, general_overflow_altar,
          minitemple, nicolae_tso_swordbearing_angel, minmay_temple_entry_glass,
          hangedman_decor_opposing
D:7:      layout_loops_cross
Temple:   nicolae_temple_god_jail

Skill      XL: |  1  2  3  4  5  6 |
---------------+-------------------+-----
Fighting       | 3 5 |  5.0
Short Blades   | 4 5 6 |  6.6
Throwing       | |  1.7
Dodging        | |  2.6

Action                   |  1- 3 |  4- 6 || total
-------------------------+-------+-------++-------
Melee: Rapier            |    93 |   147 ||   240
       Tailslap          |    10 |    11 ||    21
       Punch             |     1 |     2 ||     3
  Use: Scroll            |       |    14 ||    14
       Potion            |       |     7 ||     7
 Stab: Sleeping          |     3 |     2 ||     5
Armor: Skin              |    40 |    55 ||    95
Dodge: Dodged            |    59 |   134 ||   193

Table legend: (Time is in decaauts)
 A = Elapsed time spent in this place.
 B = Non-inter-level travel time spent in this place.
 C = Inter-level travel time spent in this place.
 D = Time resting spent in this place.
 E = Time spent auto-exploring this place.
 F = Levels seen in this place.
 G = Mean time per level.
                   A        B        C        D        E       F      G
               +--------+--------+--------+--------+--------+-----+--------+
         Total |   4305 |   4166 |    139 |   1303 |   2018 |   8 |  538.1 |
       Dungeon |   4181 |   4056 |    125 |   1303 |   1970 |   7 |  597.3 |
        Temple |    123 |    109 |     14 |      0 |     48 |   1 |  123.0 |
               +--------+--------+--------+--------+--------+-----+--------+

Top non-repeatable levels by time:
     D:5: 982 daAuts
     D:3: 940 daAuts
     D:2: 907 daAuts
     D:1: 660 daAuts
     D:6: 323 daAuts
     D:7: 318 daAuts
  Temple: 123 daAuts
     D:4: 49 daAuts
